 Dungeon Crawl Stone Soup version 0.30.0-5-g1a98f26d00 (webtiles) character file.

Game seed: 12752182520592396525

2534 selver the Geomancer (level 9, -4/45 HPs)
             Began as a Gargoyle Earth Elementalist on May 12, 2023.
             Was a Believer of Vehumet.
             Slain by a yak (7 damage)
             ... on level 8 of the Dungeon.
             The game lasted 00:45:24 (7449 turns).

selver the Geomancer (Gargoyle Earth Elementalist)  Turns: 7449, Time: 00:45:25

Health: -4/45      AC: 13    Str: 18    XL:     9   Next: 55%
Magic:  7/18       EV: 11    Int: 20    God:    Vehumet [**....]
Gold:   383        SH:  0    Dex: 10    Spells: 9/20 levels left

rFire   + . .        w - +1 spear (venom)
rCold   + . .        (no shield)
rNeg    + . .        I - +0 steam dragon scales
rPois   ∞            (no helmet)
rElec   +            C - scarf {rC+ rF+}
rCorr   .            p - +0 pair of gloves
SInv    .            d - +0 pair of boots
Will    .....        (no amulet)
Stlth   ++           t - +6 ring of strength
HPRegen 0.27/turn    s - ring of wizardry
MPRegen 0.16/turn

%: wizardry (x1)
@: very slightly contaminated
A: sickness immunity, AC +6, negative energy resistance 1, electricity
resistance, torment resistance 1, petrification resistance
a: Renounce Religion


You were on level 8 of the Dungeon.
You worshipped Vehumet.
Vehumet was pleased with you.
You visited 2 branches of the dungeon, and saw 9 of its levels.

You collected 383 gold pieces.

Inventory:

Hand Weapons
 w - a +1 spear of venom (weapon)
Armour
 d - a +0 pair of boots (worn)
 p - a +0 pair of gloves (worn)
 v - a +1 leather armour of cold resistance
 C - a scarf of resistance (worn)
 F - a +1 ring mail of fire resistance
 I - +0 steam dragon scales (worn)
Jewellery
 l - a ring of protection from cold
 s - a ring of wizardry (right hand)
 t - a +6 ring of strength (left hand)
 y - a ring of willpower
Wands
 m - a wand of iceblast (3)
 u - a wand of flame (24)
 E - a wand of acid (4)
Scrolls
 a - 2 scrolls of torment {unknown}
 e - 2 scrolls of brand weapon {unknown}
 f - 2 scrolls of fog {unknown}
 g - 2 scrolls of enchant weapon {unknown}
 h - 3 scrolls of immolation
 o - a scroll of vulnerability {unknown}
 r - a scroll of noise {unknown}
 A - a scroll of fear {unknown}
 B - a scroll of teleportation {unknown}
 D - a scroll of amnesia {unknown}
 H - a scroll of identify
Potions
 b - a potion of magic
 c - 2 potions of attraction
 i - 2 potions of mutation
 j - 3 potions of resistance
 k - a potion of curing
 n - 2 potions of might
 q - a potion of cancellation
 x - a potion of invisibility {unknown}
 z - 3 potions of brilliance
 G - a potion of haste {unknown}


   Skills:
 - Level 1.5 Dodging
 - Level 2.1 Stealth
 + Level 6.4 Spellcasting
 - Level 5.2 Conjurations
 - Level 5.4 Transmutations
 - Level 9.0 Earth Magic


You had 9 spell levels left.
You knew the following spells:

 Your Spells              Type           Power      Damage    Failure   Level
a - Sandblast             Erth           84%        2d18      1%          1
b - Stone Arrow           Conj/Erth      68%        3d11      1%          3
c - Passwall              Tmut/Erth      29%        N/A       1%          2
d - Foxfire               Conj/Fire      64%        2x1d7     1%          1
e - Petrify               Tmut/Erth      35%        N/A       1%          4

Your spell library contained the following spells:

 Spells                   Type           Power      Damage    Failure   Level
 Shock                    Conj/Air       64%        1d7       1%          1
 Kiss of Death            Conj/Necr      64%        2d10      1%          1
 Spider Form              Tmut/Pois      17%        N/A       4%          3
 Ensorcelled Hibernation  Hex/Ice        12%        N/A       6%          2
 Confusing Touch          Hex            6%         N/A       12%         3
 Anguish                  Hex/Necr       3%         N/A       36%         4
 Dispel Undead            Necr           6%         3d8       36%         4
 Passage of Golubria      Tloc           6%         N/A       36%         4
 Summon Ice Beast         Ice/Summ       6%         N/A       36%         4
 Silence                  Hex/Air        3%         N/A       69%         5
 Summon Mana Viper        Hex/Summ       6%         N/A       69%         5
 Monstrous Menagerie      Summ           3%         N/A       100%        7
 Lehudib's Crystal Spear  Conj/Erth      17%        10d5      100%        8


Dungeon Overview and Level Annotations

Branches:
Dungeon (8/15)             Temple (1/1) D:4            Lair (0/5) D:8

Altars:
Ashenzari
Cheibriados
Dithmenos
Elyvilon
Hepliaklqana
Kikubaaqudgha
Makhleb
Nemelex Xobeh
Okawaru
Qazlal
Ru
Sif Muna
Uskayaw
Vehumet
Xom
Zin

Shops:
D:8 [

Annotations:
D:3 1 runed translucent door, Crazy Yiuf
D:4 Menkaure


Innate Abilities, Weirdness & Mutations

You are immune to sickness and miasma.
Your stone body is resilient. (AC +6)
You are immune to poison.
You resist negative energy. (rN+)
You are resistant to electric shocks. (rElec)
You are resistant to unholy torment.
You are immune to petrification.


Message History

The stone arrow hits the wyvern!
You kill the wyvern!
Vehumet accepts your kill.
You hear the brisk hiss of an avalanche of sand nearby.
Magic courses through your body. The yak gores you but does no damage.
Casting: Stone Arrow (safe; 1% risk of failure)
Confirm with . or Enter, or press ? or * to list all spells.
Aiming: Petrify (dangerous; 1% risk of failure)
Press: ? - help, Shift-Dir - straight line, f - yak
Aim: a yak (chance to affect: 63%)
You miscast Petrify.
You are very lightly contaminated with residual magic.
Nothing appears to happen.
The yak gores you.
Casting: Petrify (dangerous; 1% risk of failure)
Confirm with . or Enter, or press ? or * to list all spells.
Okay, then.
Casting: Petrify (dangerous; 1% risk of failure)
Confirm with . or Enter, or press ? or * to list all spells.
Okay, then.
Casting: Petrify (dangerous; 1% risk of failure)
Confirm with . or Enter, or press ? or * to list all spells.
Aiming: Petrify (dangerous; 1% risk of failure)
Press: ? - help, Shift-Dir - straight line, f/p - yak
Aim: a yak (chance to affect: 63%)
You miscast Petrify.
Nothing appears to happen.
The yak gores you!
* * * LOW HITPOINT WARNING * * *
Okay, then.
You feel better. The yak gores you but does no damage.
The yak snorts and paws the ground.
Casting: Petrify (dangerous; 1% risk of failure)
Confirm with . or Enter, or press ? or * to list all spells.
Aiming: Petrify (dangerous; 1% risk of failure)
Press: ? - help, Shift-Dir - straight line, f/p - yak
Aim: a yak (chance to affect: 63%)
The yak resists with significant effort.
The yak closely misses you. The yak attacks as you move away!
The yak gores you!
* * * LOW HITPOINT WARNING * * *
The yak attacks as you move away! The yak gores you!
You die...

/##.#.#.#
#.##...........
.##.#.#.# #....
#.##.########## #.#
#..#....# #.####
#...#.. ....# #.#
..P.#.. ...# #.#
....... #.###.######
....... #..........#
P.P.P.. #.#...#....#
.......####Y@#.#.....#
.P.P...S†YY..)∩......#
...P...l###..#.#.....#
>........ #.#...#....#
P.P.P♣Y..............#
.......................
PP.P..Y##....##.#######
......P #....# .#
....P.. ....#. .#


You could see 3 yaks, a water moccasin and a wyvern.

Vanquished Creatures
  A wyvern (D:8)
  A yak (D:8)
  A steam dragon (D:8)
  Eustachio (D:4)
  2 water moccasins
  2 sky beasts
  2 black bears
  An ogre (D:6)
  2 centaurs
  2 bullfrogs
  A kobold brigand (D:7)
  A gnoll sergeant (D:5)
  3 wights (D:6)
  2 hounds
  2 orc priests
  2 jellies
  An iron imp (D:6)
  4 iguanas
  3 sleepcaps
  6 orc wizards
  Robin (D:3)
  4 adders
  4 gnolls (D:5)
  3 ufetubi (D:5)
  A worm (D:2)
  A dart slug (D:1)
  19 orcs
  6 bats
  11 endoplasms
  2 giant cockroaches
  9 goblins
  6 hobgoblins
  7 kobolds
  6 quokkas
  6 ball pythons
  2 frilled lizards (D:2)
  4 rats
132 creatures vanquished.

Vanquished Creatures (others)
  13 foxfires
13 creatures vanquished.

Grand Total: 145 creatures vanquished

Notes
Turn   | Place    | Note
-------+----------+-------------------------------------------
     0 | D:1      | selver the Gargoyle Earth Elementalist began the quest for
                  | the Orb.
     0 | D:1      | Reached XP level 1. HP: 10/10 MP: 3/3
   195 | D:1      | Reached skill level 4 in Earth Magic
   195 | D:1      | Reached XP level 2. HP: 15/15 MP: 1/5
   442 | D:1      | Found a faded altar of an unknown god.
   911 | D:2      | You fall into a shaft and drop 2 floors!
   922 | D:3      | Reached XP level 3. HP: 19/19 MP: 3/6
  1324 | D:2      | Reached skill level 5 in Earth Magic
  1351 | D:2      | Reached XP level 4. HP: 24/24 MP: 8/8
  1490 | D:2      | Found a white marble altar of Elyvilon.
  1676 | D:3      | Noticed Robin
  1810 | D:3      | Reached skill level 6 in Earth Magic
  1811 | D:3      | Reached XP level 5. HP: 28/28 MP: 4/9
  2083 | D:3      | Found a runed translucent door.
  2084 | D:3      | Noticed Crazy Yiuf
  2333 | D:3      | Killed Robin
  2809 | D:4      | Found a staircase to the Ecumenical Temple.
  2817 | Temple   | Entered the Ecumenical Temple
  2858 | Temple   | Became a worshipper of Vehumet
  2877 | D:4      | Noticed Menkaure
  2949 | D:4      | Found a shimmering altar of Xom.
  2969 | D:4      | Learned a level 3 spell: Stone Arrow
  3134 | D:4      | Reached skill level 1 in Conjurations
  3134 | D:4      | Reached skill level 7 in Earth Magic
  3169 | D:4      | Noticed Eustachio
  3268 | D:4      | Reached XP level 6. HP: 32/32 MP: 7/10
  3323 | D:4      | Killed Eustachio
  3403 | D:4      | Learned a level 2 spell: Passwall
  3576 | D:4      | Reached skill level 8 in Earth Magic
  3701 | D:5      | Entered Level 5 of the Dungeon
  3770 | D:5      | Reached XP level 7. HP: 36/36 MP: 9/11
  3907 | D:5      | Reached * piety under Vehumet
  3907 | D:5      | Offered knowledge of Foxfire by Vehumet.
  3973 | D:5      | Learned a level 1 spell: Foxfire
  4418 | D:5      | Reached skill level 9 in Earth Magic
  4525 | D:5      | Reached skill level 1 in Transmutations
  4545 | D:5      | Learned a level 4 spell: Petrify
  4972 | D:5      | Reached XP level 8. HP: 41/41 MP: 6/12
  6106 | D:6      | Found a snail-covered altar of Cheibriados.
  6423 | D:7      | Found a white marble altar of Elyvilon.
  6560 | D:7      | Offered knowledge of Shock by Vehumet.
  6750 | D:7      | Reached ** piety under Vehumet
  6751 | D:7      | Reached XP level 9. HP: 45/45 MP: 8/15
  6833 | D:7      | Reached skill level 5 in Conjurations
  6833 | D:7      | Reached skill level 5 in Transmutations
  6921 | D:7      | Found a glowing silver altar of Zin.
  7243 | D:8      | Reached skill level 5 in Spellcasting
  7410 | D:8      | Found Mun Lul's Antique Armour Boutique.
  7417 | D:8      | Identified the +6 trident "Loycs" {antimagic, *Slow rElec
                  | Str+3}
  7426 | D:8      | Found a staircase to the Lair.
  7449 | D:8      | Slain by a yak

Illustrated notes

Levels and vault maps discovered:
D:1:      amcnicky_arrival_double_pillar, layout_loops_ring,
          hellmonk_ecumenical_altar_arch_garden
D:2:      layout_rooms, basic_altar
D:3:      layout_loops_ring, serial_forest, infiniplex_forest_lined_3,
          infiniplex_forest_split, infiniplex_forest_straight_3,
          infiniplex_forest_end_1, infiniplex_forest_clump_double,
          infiniplex_forest_3_way, uniq_crazy_yiuf_cottage, uniq_robin
D:4:      layout_loops_cross, mainiacjoe_overflow_brackets,
          minmay_temple_entry_drinking_statues, uniq_eustachio, uniq_menkaure
D:5:      layout_loops_ring, portal_sewer_entry_e,
          minmay_a_box_with_orc_wizards_in_it
D:6:      layout_gridville, slow_altar_2
D:7:      layout_loops_ring, nicolae_elyvilon_peaceful_grove,
          mainiacjoe_overflow_24_doors
D:8:      layout_basic, chequers_temple_overflow_statue_of_worship,
          minmay_lair_entry_grove, serial_shops, nicolae_shop_advertising_works
          [nicolae_subvault_shop_adworks], enter_ossuary_2, uniq_amaemon
Temple:   nicolae_temple_ecumenical_triangle

Skill      XL: |  1  2  3  4  5  6  7  8  9 |
---------------+----------------------------+-----
Earth Magic    | 4 5 6 7 8 9 |  9.0
Conjurations   | 1 2 4 5 |  5.2
Transmutations | 1 4 5 |  5.4
Spellcasting   | 3 4 6 |  6.4
Dodging        | |  1.5
Stealth        | |  2.1

Action                     |  1- 3 |  4- 6 |  7- 9 || total
---------------------------+-------+-------+-------++-------
  Melee: Dagger            |    27 |       |       ||    27
         Hand axe          |     3 |    19 |     4 ||    26
         Spear             |       |       |    15 ||    15
   Cast: Sandblast         |    35 |    72 |    53 ||   160
         Stone Arrow       |       |       |    46 ||    46
         Foxfire           |       |       |     8 ||     8
         Petrify           |       |       |     1 ||     1
  Evoke: Wand              |       |     1 |       ||     1
    Use: Scroll            |       |     6 |     3 ||     9
         Potion            |       |       |     2 ||     2
   Stab: Sleeping          |     1 |       |       ||     1
 Armour: Leather armour    |    13 |    32 |    19 ||    64
         Robe              |     1 |       |       ||     1
         Steam dragon scal |       |       |     8 ||     8
         Ring mail         |       |       |     5 ||     5
  Dodge: Dodged            |    28 |    41 |    40 ||   109
